 Dungeon Crawl Stone Soup version 0.30-a0-859-gf88a04b62d (webtiles) character file.

Game seed: 6863029203382157731

127 Lobster4 the Grave Robber (level 5, 0/40 HPs)
             Began as a Gnoll Wanderer on Mar 7, 2023.
             Slain by an iguana (11 damage)
             ... on level 3 of the Dungeon.
             The game lasted 00:04:13 (2052 turns).

Lobster4 the Grave Robber (Gnoll Wanderer)          Turns: 2052, Time: 00:04:14

Health: 0/40       AC:  8    Str: 12    XL:     5   Next: 11%
Magic:  12/12      EV:  9    Int: 14    God:
Gold:   134        SH:  0    Dex: 10    Spells: 13/14 levels left

rFire   . . .      SeeInvis .    b - +2 sling (flame)
rCold   . . .      Faith    .    (no shield)
rNeg    . . .      Spirit   .    j - +1 scale mail {rPois}
rPois   +          Reflect  .    (no helmet)
rElec   .          Rampage  .    (no cloak)
rCorr   .                        f - +0 pair of gloves
Will    .....                    (no boots) Stlth
                                 (no amulet)
HPRegen 0.26/turn                l - ring of flight
MPRegen 0.13/turn                (no ring)

@: flying
A: fangs 1, strong nose, distributed training
a: no special abilities


You were on level 3 of the Dungeon.
You visited 1 branch of the dungeon, and saw 3 of its levels.

You collected 134 gold pieces.

Inventory:

Hand Weapons
 a - a +0 falchion
 b - a +2 sling of flaming (weapon)
 q - a +0 short sword
Missiles
 n - 2 poisoned darts
Armour
 c - a +0 robe
 e - a +0 leather armour
 f - a +0 pair of gloves (worn)
 j - a +1 scale mail of poison resistance (worn)
Jewellery
 l - a ring of flight (left hand)
Scrolls
 g - a scroll of amnesia {unknown}
 h - a scroll of enchant weapon {unknown}
 i - a scroll of teleportation {unknown}
 m - 2 scrolls of blinking {unknown}
 o - a scroll of identify {unknown}
 r - a scroll of noise {unknown}
Potions
 d - 3 potions of curing
 k - a potion of lignification {unknown}
 p - a potion of heal wounds
 s - a potion of might {unknown}


   Skills:
 + Level 2.9 Fighting
 + Level 1.4 Short Blades
 + Level 1.4 Long Blades
 + Level 1.4 Axes
 + Level 1.4 Maces & Flails
 + Level 1.4 Polearms
 + Level 1.4 Staves
 + Level 1.4 Ranged Weapons
 + Level 1.4 Throwing
 + Level 2.9 Armour
 + Level 1.4 Dodging
 + Level 1.4 Stealth
 + Level 1.4 Shields
 + Level 1.4 Unarmed Combat
 + Level 5.2 Spellcasting
 + Level 1.1 Conjurations
 + Level 1.1 Hexes
 + Level 1.1 Summonings
 + Level 5.5 Necromancy
 + Level 1.1 Translocations
 + Level 1.1 Transmutations
 + Level 1.1 Fire Magic
 + Level 1.1 Ice Magic
 + Level 3.9 Air Magic
 + Level 1.1 Earth Magic
 + Level 1.1 Poison Magic
 + Level 3.0 Invocations
 + Level 1.4 Evocations


You had 13 spell levels left.
You knew the following spells:

 Your Spells              Type           Power      Damage    Failure   Level
a - Shock                 Conj/Air       40%        1d5       30%         1

Your spell library contained the following spells:

 Spells                   Type           Power      Damage    Failure   Level
 Sublimation of Blood     Necr           19%        N/A       13%         2
 Cigotuvi's Dreadful Rot  Necr/Pois/Air  26%        N/A       30%         2
 Static Discharge         Conj/Air       20%        2-3/arc   41%         2
 Vhi's Electric Charge    Tloc/Air       20%        N/A       65%         3
 Petrify                  Tmut/Erth      6%         N/A       99%         4
 Irradiate                Conj/Tmut      3%         3d12      100%        5


Dungeon Overview and Level Annotations

Branches:
Dungeon (3/15)

Altars:
Hepliaklqana
Qazlal
Ru
Uskayaw

Shops:
D:1 ?


Innate Abilities, Weirdness & Mutations

You have very sharp teeth.
Your uncanny sense of smell can sniff out nearby items.
Your experience applies equally to all skills.


Message History

You are too injured to fight recklessly!
You are too injured to fight recklessly!
You are too injured to fight recklessly!
Fire: b) +2 sling (flame)
Press: ? - help, Q - select action, (/) - cycle Shift-Dir - straight line, f/p - iguana
Aim: an iguana (heavily wounded, 60% to hit)
You shoot a sling bullet.
The sling bullet closely misses the iguana.
The iguana completely misses you.
Fire: b) +2 sling (flame)
Press: ? - help, Q - select action, (/) - cycle Shift-Dir - straight line, f/p - iguana
Aim: an iguana (heavily wounded, 60% to hit)
You shoot a sling bullet.
The sling bullet hits the iguana but does no damage.
The iguana is heavily wounded.
The iguana bites you but does no damage.
The iguana closely misses you.
Fire: b) +2 sling (flame)
Press: ? - help, Q - select action, (/) - cycle Shift-Dir - straight line, f/p - iguana
Aim: an iguana (heavily wounded, 60% to hit)
You shoot a sling bullet. The sling bullet hits the iguana.
The sling bullet burns the iguana.
The iguana is severely wounded.
The iguana bites you.
Fire: b) +2 sling (flame)
Press: ? - help, Q - select action, (/) - cycle Shift-Dir - straight line, f/p - iguana
Aim: an iguana (severely wounded, 60% to hit)
You shoot a sling bullet.
The sling bullet hits the iguana but does no damage.
The iguana is severely wounded.
The iguana bites you!
* * * LOW HITPOINT WARNING * * *
The iguana bites you but does no damage.
Fire: b) +2 sling (flame)
Press: ? - help, Q - select action, (/) - cycle Shift-Dir - straight line, f/p - iguana
Aim: an iguana (severely wounded, 60% to hit)
You shoot a sling bullet.
The sling bullet closely misses the iguana.
The iguana bites you!
You die...

.. ... #.. # #..
..##..#####
#.........######
.......l........
#....@.# ....#...## ∆
# ##.## #.P. ### #.#
### #.... ..# #.# ..#
....# #.# ##'## #.#
#.#..# #.# ##...##
#.# #.#..###.#
##.....## ###.#
#.#...##.###.......##
##.#.##


You could see an iguana.

Vanquished Creatures
  An orc priest (D:3)
  Jessica (D:2)
  2 adders (D:3)
  2 worms (D:2)
  A dart slug (D:3)
  6 orcs
  6 endoplasms
  2 giant cockroaches (D:2)
  3 goblins
  3 hobgoblins
  4 kobolds
  2 quokkas (D:2)
  2 ball pythons
  5 bats
  A frilled lizard (D:2)
41 creatures vanquished.

Notes
Turn   | Place    | Note
-------+----------+-------------------------------------------
     0 | D:1      | Lobster4 the Gnoll Wanderer began the quest for the Orb.
     0 | D:1      | Lobster4 set off with the following items: a +0 club, a
                  | potion of heal wounds, a +0 robe, a potion of curing; and
                  | the following spell memorised: Shock; and the following
                  | spells available to memorise: Sublimation of Blood,
                  | Cigotuvi's Dreadful Rot, Static Discharge, Vhi's Electric
                  | Charge.
     0 | D:1      | Reached XP level 1. HP: 17/17 MP: 6/6
     1 | D:1      | Found a hazy altar of Hepliaklqana.
    58 | D:1      | Found Cuofiexi's Magic Scroll Shoppe.
   129 | D:1      | Reached XP level 2. HP: 23/23 MP: 2/7
   220 | D:1      | You fall into a shaft and drop 1 floor!
   600 | D:2      | Noticed Jessica
   605 | D:2      | Killed Jessica
   606 | D:2      | Reached skill level 5 in Spellcasting
   606 | D:2      | Reached XP level 3. HP: 17/28 MP: 2/9
   835 | D:2      | Reached skill level 1 in Short Blades
   835 | D:2      | Reached skill level 1 in Long Blades
   835 | D:2      | Reached skill level 1 in Axes
   835 | D:2      | Reached skill level 1 in Maces & Flails
   835 | D:2      | Reached skill level 1 in Polearms
   835 | D:2      | Reached skill level 1 in Staves
   835 | D:2      | Reached skill level 1 in Ranged Weapons
   835 | D:2      | Reached skill level 1 in Throwing
   835 | D:2      | Reached skill level 1 in Dodging
   835 | D:2      | Reached skill level 1 in Stealth
   835 | D:2      | Reached skill level 1 in Shields
   835 | D:2      | Reached skill level 1 in Unarmed Combat
   835 | D:2      | Reached skill level 1 in Evocations
  1432 | D:2      | Reached XP level 4. HP: 32/34 MP: 11/11
  1484 | D:3      | Found a stormy altar of Qazlal.
  1540 | D:3      | Reached skill level 1 in Conjurations
  1540 | D:3      | Reached skill level 1 in Hexes
  1540 | D:3      | Reached skill level 1 in Summonings
  1540 | D:3      | Reached skill level 1 in Translocations
  1540 | D:3      | Reached skill level 1 in Transmutations
  1540 | D:3      | Reached skill level 1 in Fire Magic
  1540 | D:3      | Reached skill level 1 in Ice Magic
  1540 | D:3      | Reached skill level 1 in Earth Magic
  1540 | D:3      | Reached skill level 1 in Poison Magic
  1812 | D:3      | Found a hide-covered altar of Uskayaw.
  1875 | D:3      | Reached XP level 5. HP: 34/40 MP: 12/12
  2004 | D:3      | Found a sacrificial altar of Ru.
  2052 | D:3      | Slain by an iguana

Illustrated notes

Levels and vault maps discovered:
D:1:      sevenhm_arrival_forest_fort_small_6, layout_loops_ring, serial_shops,
          nicolae_shop_trees, nicolae_shop_temple_entry_statues_fountains
D:2:      layout_loops_corners, uniq_jessica
D:3:      layout_loops_corners, mainiacjoe_overflow_paths,
          overflow_temple_1_default, mainiacjoe_overflow_boulevard,
          nicolae_elevator_lobby_plus

Skill      XL: |  1  2  3  4 |
---------------+-------------+-----
Spellcasting   | 5 |  5.2
Short Blades   | 1 |  1.4
Long Blades    | 1 |  1.4
Axes           | 1 |  1.4
Maces & Flails | 1 |  1.4
Polearms       | 1 |  1.4
Staves         | 1 |  1.4
Ranged Weapons | 1 |  1.4
Throwing       | 1 |  1.4
Dodging        | 1 |  1.4
Stealth        | 1 |  1.4
Shields        | 1 |  1.4
Unarmed Combat | 1 |  1.4
Evocations     | 1 |  1.4
Conjurations   | 1 |  1.1
Hexes          | 1 |  1.1
Summonings     | 1 |  1.1
Translocations | 1 |  1.1
Transmutations | 1 |  1.1
Fire Magic     | 1 |  1.1
Ice Magic      | 1 |  1.1
Earth Magic    | 1 |  1.1
Poison Magic   | 1 |  1.1
Invocations    | 3 |  3.0
Fighting       | |  2.9
Armour         | |  2.9
Necromancy     | |  5.5
Air Magic      | |  3.9

Action                     |  1- 3 |  4- 6 || total
---------------------------+-------+-------++-------
  Melee: Club              |     2 |       ||     2
         Short sword       |    18 |       ||    18
         Bite              |     4 |       ||     4
         Punch             |     1 |       ||     1
   Fire: Sling             |     2 |    64 ||    66
   Cast: Shock             |    54 |     2 ||    56
 Armour: Robe              |     7 |     2 ||     9
         Scale mail        |       |     4 ||     4
  Dodge: Dodged            |     9 |    19 ||    28

Table legend: (Time is in decaauts)
 A = Elapsed time spent in this place.
 B = Non-inter-level travel time spent in this place.
 C = Inter-level travel time spent in this place.
 D = Time resting spent in this place.
 E = Time spent auto-exploring this place.
 F = Levels seen in this place.
 G = Mean time per level.
                   A        B        C        D        E       F      G
               +--------+--------+--------+--------+--------+-----+--------+
         Total |   2075 |   2000 |     75 |      0 |   1676 |   3 |  691.7 |
       Dungeon |   2075 |   2000 |     75 |      0 |   1676 |   3 |  691.7 |
               +--------+--------+--------+--------+--------+-----+--------+

Top non-repeatable levels by time:
     D:2: 1221 daAuts
     D:3: 634 daAuts
     D:1: 220 daAuts
